 Dungeon Crawl Stone Soup version 0.28.0 (webtiles) character file.

Game seed: 17398802258450511927

748 Dorkslayer the Sneak (level 7, -1/69 HPs)
             Began as an Octopode Fighter on May 31, 2022.
             Slain by a killer bee (5 damage)
             ... on level 4 of the Dungeon.
             The game lasted 00:10:59 (4128 turns).

Dorkslayer the Sneak (Octopode Fighter)             Turns: 4128, Time: 00:11:00

Health: -1/69      AC: 23    Str: 21    XL:     7   Next: 77%
Magic:  7/7        EV:  2    Int: 10    God:
Gold:   192        SH:  4    Dex: 12    Spells: 6/6 levels left

rFire   + + +      SeeInvis +   q - +6 falchion of Maorebom {venom, rF+++ rC- rN+ Dex-2}
rCold   + . .      Faith    .   b - +0 buckler
rNeg    + . .      Spirit   .   (helmet currently unavailable)
rPois   +          Reflect  .   (no amulet)
rElec   .          Harm     .   g - ring of see invisible
rCorr   .          Rampage  .   i - +6 ring of strength
Will    .....      NoTele   +   l - ring of protection from cold
Stlth   +++.......              r - ring of protection from cold
HPRegen 0.21/turn               (no ring)
MPRegen 0.10/turn               (no ring)
                                (no ring)
                                (no ring)

@: mighty, lethally poisoned (-1 -> -5), tree-form
A: stationary, stasis, torment immunity, boosted hp, almost no armour,
(amphibious), 8 rings, (camouflage 1), (gelatinous body 1), (nimble swimmer 1),
(tentacles)
a: no special abilities


You were on level 4 of the Dungeon.
You were a tree.
You visited 2 branches of the dungeon, and saw 5 of its levels.

You collected 192 gold pieces.

Inventory:

Hand Weapons
 a - a +2 long sword
 q - the +6 falchion of Maorebom (weapon) {venom, rF+++ rC- rN+ Dex-2}
   (You found it on level 4 of the Dungeon)

   It poisons the flesh of those it strikes.
   Dex:       It affects your dexterity (-2).
   rF:        It renders you almost immune to fire.
   rC:        It makes you vulnerable to cold.
   rN:        It protects you from negative energy.
Missiles
 c - 3 boomerangs (quivered)
 j - 5 poisoned darts
 k - 2 javelins
Armour
 b - a +0 buckler (worn)
Jewellery
 f - an amulet of faith
 g - a ring of see invisible (left branch)
 i - a +6 ring of strength (right branch)
 l - a ring of protection from cold (on tentacle)
 r - a ring of protection from cold (on tentacle)
Wands
 p - a wand of flame (15)
 s - a wand of mindburst (19)
Scrolls
 d - a scroll of noise {unknown}
 e - 3 scrolls of fear
 h - a scroll of enchant armour {unknown}


   Skills:
 + Level 3.6 Fighting
 + Level 5.2 Long Blades
 + Level 0.5 Throwing
 + Level 3.8 Dodging
 + Level 5.7 Stealth
 + Level 3.5 Shields
 * Level 3.2 Unarmed Combat


You had 6 spell levels left.
You didn't know any spells.
Your spell library contained the following spells:

 Spells                   Type           Power      Damage    Failure   Level
 Magic Dart               Conj           0%         1d3       45%         1
 Sandblast                Erth           0%         2d4       45%         1
 Call Imp                 Summ           0%         N/A       58%         2
 Passwall                 Tmut/Erth      0%         N/A       58%         2
 Mephitic Cloud           Conj/Pois/Air  0%         N/A       83%         3
 Stone Arrow              Conj/Erth      0%         3d7       83%         3


Dungeon Overview and Level Annotations

Branches:
Dungeon (4/15)             Temple (1/1) D:4

Altars:
Cheibriados
Dithmenos
Elyvilon
Fedhas
Kikubaaqudgha
Nemelex Xobeh
Qazlal
Ru
Sif Muna
Uskayaw
Vehumet
Wu Jian
Xom
Yredelemnul
Zin


Innate Abilities, Weirdness & Mutations

You are a tree.
Your roots penetrate the ground, keeping you stationary.
You cannot be teleported.
You are immune to unholy pain and torment.
Your maximum health is greatly increased.
You cannot wear most types of armour.
((You are amphibious.))
You can wear up to eight rings at the same time.
((Your skin changes colour to match your surroundings (Stealth+).))
((Your rubbery body absorbs attacks. (AC +1, EV +1)))
((You are camouflaged when in or above water. (Stealth+)))
((You have tentacles for arms and can constrict up to eight enemies at once.))


Message History

You hit the killer bee but do no damage.
The killer bee looks as sick as possible!
Your grab misses the killer bee.
The killer bee is moderately wounded.
You feel sick. The killer bee closely misses you.
You feel very mighty all of a sudden.
You feel sick.
You kill the killer bee!
The killer bee stings you.
You are more poisoned.
The killer bee poisons you! The killer bee barely misses you.
You miss the killer bee. You grab the killer bee.
Your tentacle-slap misses the killer bee.
You constrict the killer bee.
You feel very sick. The killer bee barely misses you.
The killer bee closely misses you.
You slice the killer bee!!
You kill the killer bee!
You feel very sick. The killer bee stings you!
* * * LOW HITPOINT WARNING * * *
It was a potion of lignification.
You turn into a tree.
Your roots penetrate the ground.
* * * LOW HITPOINT WARNING * * *
You feel sick.
The killer bee stings you but does no damage.
The killer bee stings you.
* * * LOW HITPOINT WARNING * * *
You slash the killer bee!
The killer bee is poisoned.
The killer bee is almost dead.
* * * LOW HITPOINT WARNING * * *
You feel sick.
You kill the killer bee!
The killer bee stings you but does no damage.
You slash the killer bee!
The killer bee is poisoned.
Your punch misses the killer bee.
The killer bee is severely wounded.
* * * LOW HITPOINT WARNING * * *
You feel sick. The killer bee stings you.
You die...

...y...
.).....
###
.......
..#
.......
..##
.....y.###
..####..#
#.:...#
#.......##
#####y#
#... #y#
#.#. #♣#
#<.# #.#
#.####.#
#.#
#.......
#.#
######..
#.# ##.
#.# #. #.#
## #.# ..
#.####
..##


You could see 2 killer bees.

Vanquished Creatures
  2 scorpions
  9 killer bees
  An orc priest (D:4)
  Terence (D:2)
  An iguana (D:4)
  An orc wizard (D:4)
  Robin (D:3)
  5 adders
  An adder skeleton (D:3)
  A worm (D:2)
  A dart slug (D:1)
  4 orcs (D:4)
  4 ball pythons
  7 endoplasms
  3 giant cockroaches (D:1)
  17 goblins
  6 hobgoblins
  4 kobolds
  4 quokkas (D:1)
  5 bats
  4 frilled lizards
  4 rats
86 creatures vanquished.

Notes
Turn   | Place    | Note
-------+----------+-------------------------------------------
     0 | D:1      | Dorkslayer the Octopode Fighter began the quest for the
                  | Orb.
     0 | D:1      | Reached XP level 1. HP: 16/16 MP: 1/1
   161 | D:1      | Reached XP level 2. HP: 21/21 MP: 2/2
   684 | D:1      | Reached skill level 1 in Stealth
   684 | D:1      | Reached XP level 3. HP: 24/26 MP: 3/3
   876 | D:1      | Reached skill level 1 in Unarmed Combat
  1023 | D:2      | Noticed a scorpion
  1028 | D:2      | Killed a scorpion
  1029 | D:2      | Reached XP level 4. HP: 8/31 MP: 4/4
  1514 | D:2      | Noticed Terence
  1522 | D:2      | Killed Terence
  1523 | D:2      | Reached XP level 5. HP: 33/36 MP: 5/5
  1943 | D:3      | Found a faded altar of an unknown god.
  1944 | D:3      | Noticed Robin
  1972 | D:3      | Killed Robin
  3022 | D:4      | Reached XP level 6. HP: 34/42 MP: 6/6
  3291 | D:4      | Identified the +6 falchion of Maorebom {venom, rF+++ rC-
                  | rN+ Dex-2}
  3379 | D:4      | Found a staircase to the Ecumenical Temple.
  3415 | Temple   | Entered the Ecumenical Temple
  3567 | D:4      | Reached XP level 7. HP: 6/46 MP: 7/7
  3831 | D:3      | Reached skill level 5 in Stealth
  4053 | D:4      | Reached skill level 5 in Long Blades
  4128 | D:4      | Slain by a killer bee

Illustrated notes

Levels and vault maps discovered:
D:1:      kennysheep_arrival_seaside, layout_basic, serial_park_tiny_2,
          interstate_on_off, nicolae_concentric_dashed_squares_wild
D:2:      layout_loops_cross, uniq_terence
D:3:      layout_basic, hellmonk_ecumenical_altar_lost_god,
          minmay_misc_feat_columns, nrook_campfire, minmay_misc_feat_x,
          minmay_quadrilaterals, uniq_robin
D:4:      layout_rooms, minmay_temple_entry_drinking_statues,
          minmay_close_crescents
Temple:   eino_temple_scatter_basement

Skill      XL: |  1  2  3  4  5  6  7 |
---------------+----------------------+-----
Stealth        | 1 2 3 4 5 |  5.7
Unarmed Combat | 1 2 3 |  3.2
Long Blades    | 3 4 5 |  5.2
Fighting       | |  3.6
Throwing       | |  0.5
Dodging        | |  3.8
Shields        | |  3.5

Action                   |  1- 3 |  4- 6 |  7- 9 || total
-------------------------+-------+-------+-------++-------
Melee: Long sword        |    44 |    67 |       ||   111
       Constrict         |    13 |    15 |     2 ||    30
       Tentacles         |     6 |    14 |       ||    20
       Punch             |     3 |     2 |       ||     5
       Falchion          |       |    16 |    22 ||    38
Throw: Javelin           |       |     4 |       ||     4
       Boomerang         |       |       |     3 ||     3
  Use: Scroll            |       |     7 |     1 ||     8
       Potion            |       |     3 |     3 ||     6
 Stab: Sleeping          |     7 |    13 |     1 ||    21
       Distracted        |     1 |       |       ||     1
       Invisible         |       |     2 |       ||     2
Armor: Skin              |     7 |     9 |     2 ||    18
Dodge: Dodged            |    34 |    51 |    30 ||   115
Block: Buckler           |     6 |    21 |     1 ||    28
